 Dungeon Crawl Stone Soup version 0.32-a0-683-ge26c5dbc97 (webtiles) character file.

Game seed: 9080125874739264764

358 Ralffi009 the Chopper (level 6, -4/44 HPs)
             Began as a Demonspawn Gladiator on Mar 12, 2024.
             Slain by an iguana (9 damage)
             ... on level 5 of the Dungeon.
             The game lasted 00:09:39 (3596 turns).

Ralffi009 the Chopper (Demonspawn Gladiator)        Turns: 3596, Time: 00:09:40

Health: -4/44      AC:  8    Str: 16    XL:     6   Next: 37%
Magic:  6/6        EV: 12    Int:  9    God:
Gold:   216        SH:  0    Dex: 14    Spells: 5/5 levels left

rFire   . . .        a - +1 war axe
rCold   . . .        (no shield)
rNeg    . . .        b - +1 leather armour
rPois   .            c - +0 helmet
rElec   .            l - +2 cloak
rCorr   .            (no gloves)
SInv    +            (no boots)
Will    .....        (no amulet)
Stlth   +            r - ring of see invisible
HPRegen 0.27/turn    (no ring)
MPRegen 0.10/turn

%: no passive effects
@: no status effects
A: hooves 1, demonic magic 3
a: no special abilities


You were on level 5 of the Dungeon.
You visited 1 branch of the dungeon, and saw 5 of its levels.

You collected 216 gold pieces.

Inventory:

Hand Weapons
 a - a +1 war axe (weapon)
Missiles
 d - 3 throwing nets (quivered)
 e - a javelin
 w - 6 poisoned darts
Armour
 b - a +1 leather armour (worn)
 c - a +0 helmet (worn)
 l - a +2 cloak (worn)
Jewellery
 r - a ring of see invisible (left hand)
Wands
 n - a wand of digging (4)
 o - a wand of polymorph (8)
Scrolls
 g - a scroll of teleportation
 h - a scroll of fear
 m - a scroll of immolation {unknown}
 q - a scroll of enchant armour
 t - a scroll of brand weapon {unknown}
 u - 2 scrolls of revelation {unknown}
 v - a scroll of identify
Potions
 f - 2 potions of haste {unknown}
 i - a potion of degeneration
 j - 3 potions of heal wounds
 k - 2 potions of curing
 p - a potion of attraction
 s - 2 potions of lignification {unknown}
 x - a potion of enlightenment {unknown}


   Skills:
 - Level 2.0 Fighting
 + Level 6.6 Axes
 - Level 1.7 Throwing
 - Level 2.6 Dodging


You had 5 spell levels left.
You didn't know any spells.
Your spell library contained the following spells:

 Spells                   Type           Power      Damage    Failure   Level
 Magic Dart               Conj           0%         1d3       45%         1
 Jinxbite                 Hex            0%         N/A       58%         2
 Searing Ray              Conj           0%         2d4       58%         2
 Fulminant Prism          Conj/Alch      0%         3d5       99%         4
 Yara's Violent Unravell  Hex/Alch       0%         3d3       100%        5
 Enfeeble                 Hex            0%         N/A       100%        7


Dungeon Overview and Level Annotations

Branches:
Dungeon (5/15)
 Temple: D:4-7

Altars:
Makhleb

Shops:
D:2 !([[   D:5 *


Innate Abilities, Weirdness & Mutations

You have large cloven feet.
Spells you cast and wands you use may paralyse nearby enemies.


Message History

You hit the iguana but do no damage.
The iguana is severely wounded.
You closely miss the centaur. The centaur misses you.
The centaur barely misses you.
The iguana hisses menacingly.
The iguana bites you.
The centaur hits you but does no damage.
The centaur kicks you but does no damage.
The iguana bites you.
You hit the iguana. You kick the iguana, but do no damage.
The iguana is almost dead.
You slash the centaur!
The centaur hits you but does no damage.
The centaur barely misses you.
The iguana bites you but does no damage.
The centaur closely misses you.
The centaur kicks you but does no damage.
You completely miss the iguana. You kick the iguana, but do no damage.
The iguana is almost dead.
You hit the centaur. The centaur hits you. The centaur barely misses you.
The iguana bites you!
* * * LOW HITPOINT WARNING * * *
You closely miss the iguana. You kick the iguana, but do no damage.
The iguana is almost dead.
You barely miss the centaur. The centaur hits you.
* * * LOW HITPOINT WARNING * * *
The centaur kicks you.
* * * LOW HITPOINT WARNING * * *
The iguana bites you but does no damage.
The centaur hits you but does no damage.
The centaur kicks you but does no damage.
You hit the iguana but do no damage.
The iguana is almost dead.
You hit the centaur.
You kill the centaur!
The iguana closely misses you.
You closely miss the iguana.
The iguana is almost dead.
The iguana bites you!
You die...

#.)# +..#.(# ..
##'#####'#(.####
..
#..#....##'#..'
#.
#.)#..........#
#.
##'##.########.#
# #. #..'..+
#..'.. ####.#.
#..#..# #..#..
.......#####.##
####.#
.....!l@.)#..#
+..#
.....#)#.)'..#
#..# ###
#.##)##.# #..#
#. #))#.# ...+
#. #..#.. .####
#. ####+## + #.
#.


You could see an iguana.

Vanquished Creatures
  A centaur (D:5)
  A scorpion (D:5)
  An iguana (D:5)
  5 gnolls
  8 adders
  2 dart slugs (D:1)
  2 ribbon worms
  4 orcs
  4 endoplasms
  A giant cockroach (D:3)
  7 goblins
  2 hobgoblins
  4 jackals (D:3)
  10 kobolds
  2 quokkas
  A ball python (D:3)
  5 bats
  6 frilled lizards
  3 rats
69 creatures vanquished.

Notes
Turn   | Place    | Note
-------+----------+-------------------------------------------
     0 | D:1      | Ralffi009 the Demonspawn Gladiator began the quest for the
                  | Orb.
     0 | D:1      | Reached XP level 1. HP: 16/16 MP: 1/1
   126 | D:1      | Reached skill level 3 in Axes
   201 | D:1      | Gained mutation: You have large cloven feet. [demonic
                  | ancestry]
   201 | D:1      | Reached XP level 2. HP: 9/22 MP: 2/2
   205 | D:1      | You fall into a shaft and drop 1 floor!
   776 | D:2      | Reached skill level 4 in Axes
   776 | D:2      | Reached XP level 3. HP: 21/27 MP: 3/3
   776 | D:2      | Found Yxonusiv's Weapon Emporium.
   900 | D:2      | Found Xeter's Armour Shop.
  1106 | D:2      | Gained mutation: Spells you cast may paralyse adjacent
                  | enemies. [demonic ancestry]
  1106 | D:2      | Reached XP level 4. HP: 33/33 MP: 4/4
  1365 | D:2      | Found Wakofumm's Distillery.
  1562 | D:2      | Found Mufaotzodgh's Antique Armour Emporium.
  1817 | D:3      | Found a burning altar of Makhleb.
  2515 | D:4      | Reached skill level 5 in Axes
  2801 | D:4      | Gained mutation: Spells you cast may paralyse nearby
                  | enemies. [demonic ancestry]
  2801 | D:4      | Reached XP level 5. HP: 11/38 MP: 5/5
  3128 | D:5      | Entered Level 5 of the Dungeon
  3128 | D:5      | Found Rotuohal's Overcharged Wands.
  3302 | D:5      | Reached skill level 6 in Axes
  3457 | D:5      | Gained mutation: Spells you cast and wands you use may
                  | paralyse nearby enemies. [demonic ancestry]
  3457 | D:5      | Reached XP level 6. HP: 44/44 MP: 6/6
  3596 | D:5      | Slain by an iguana

Illustrated notes

Levels and vault maps discovered:
D:1:      matt_arrival_refuge, layout_rooms, st_stairs_4
D:2:      layout_loops_ring, serial_shops, nicolae_shop_advertising_works
          [nicolae_subvault_shop_adworks], nicolae_shop_hallway_stairs, shop,
          shop
D:3:      layout_basic, mainiacjoe_overflow_chevrons, amethyst_killhole
D:4:      layout_gridville
D:5:      corexii_shantytown, layout_basic, nicolae_shop_overcharged_wands,
          uniq_edmund

Skill      XL: |  1  2  3  4  5 |
---------------+----------------+-----
Axes           | 3 4 5 6 |  6.6
Fighting       | |  2.0
Throwing       | |  1.7
Dodging        | |  2.6

Action                     |  1- 3 |  4- 6 || total
---------------------------+-------+-------++-------
  Melee: War axe           |    90 |   119 ||   209
         Kick              |    13 |    24 ||    37
    Use: Scroll            |     7 |     4 ||    11
   Stab: Sleeping          |     2 |       ||     2
 Armour: Leather armour    |    56 |   106 ||   162
  Dodge: Dodged            |    59 |   104 ||   163

Table legend: (Time is in decaauts)
 A = Elapsed time spent in this place.
 B = Non-inter-level travel time spent in this place.
 C = Inter-level travel time spent in this place.
 D = Time resting spent in this place.
 E = Time spent auto-exploring this place.
 F = Levels seen in this place.
 G = Mean time per level.
                   A        B        C        D        E       F      G
               +--------+--------+--------+--------+--------+-----+--------+
         Total |   3651 |   3627 |     24 |    109 |   2633 |   5 |  730.2 |
       Dungeon |   3651 |   3627 |     24 |    109 |   2633 |   5 |  730.2 |
               +--------+--------+--------+--------+--------+-----+--------+

Top non-repeatable levels by time:
     D:2: 978 daAuts
     D:3: 813 daAuts
     D:1: 710 daAuts
     D:4: 670 daAuts
     D:5: 478 daAuts
